 Dungeon Crawl Stone Soup version 0.17.0-1-g61d176b (webtiles) character file.

134 dysrexia the Caller (level 4, -4/18 HPs)
             Began as a Felid Summoner on Nov 7, 2015.
             Killed by divine providence
             ... invoked by an orc priest
              (14 damage)
             ... on level 4 of the Dungeon.
             The game lasted 00:26:30 (4601 turns).

dysrexia the Caller (Felid Summoner)                Turns: 4601, Time: 00:26:31

Health: -4/18      AC:  1    Str:  4    XL:     4   Next: 95%
Magic:  8/10       EV: 18    Int: 17    God:
Gold:   127        SH:  0    Dex: 17    Spells: 3 memorised, 1 level left
                                        Lives:  0   Deaths: 1

rFire  . . .     SeeInvis +     (weapon unavailable)
rCold  . . .     Clarity  .     (armour unavailable)
rNeg   + . .     SustAt   .     (shield unavailable)
rPois  .         Gourm    .     (helmet unavailable)
rElec  .         Spirit   .     (cloak unavailable)
rCorr  .         Warding  .     (gloves unavailable)
rMut   .         Stasis   .     (boots unavailable)
MR     .....                    m - amulet of inaccuracy (curse)
Stlth  +++.......               (no ring)
                                e - ring of positive energy

@: quick, not resistant to hostile enchantments, fairly stealthy
A: no armour, no weapons or thrown items, claws 1, fangs 3, see invisible,
carnivore 3, speed 1, shaggy fur 1, slow metabolism 1, sharp paws
a: no special abilities


You were on level 4 of the Dungeon.
You were completely stuffed.

You visited 1 branch of the dungeon, and saw 4 of its levels.
You also visited: Sewer.

You collected 127 gold pieces.

Inventory:

Jewellery
 e - a ring of positive energy (left paw)
 f - an uncursed amulet of resist mutation
 m - a cursed amulet of inaccuracy (around neck)
Wands
 o - a wand of flame (32)
Scrolls
 c - a scroll of fog
 d - 2 scrolls of identify
 n - 4 scrolls of teleportation
 q - 2 scrolls of fear
Potions
 g - a potion of magic
 i - 2 potions of ambrosia
 j - a potion of curing
 k - 2 potions of flight
 l - 2 potions of lignification
 p - a potion of cancellation
Books
 a - a book of Callings

   Spells                             Type                      Level
   a - Summon Small Mammal            Summoning                    1
   b - Call Imp                       Summoning                    2
   c - Call Canine Familiar           Summoning                    3
   d - Summon Guardian Golem          Hexes/Summoning              3
   e - Summon Lightning Spire         Summoning/Air                4
   f - Summon Ice Beast               Ice/Summoning                4
Comestibles
 b - 4 meat rations
 h - 2 slices of pizza
 r - 7 chunks of flesh
 t - a beef jerky


   Skills:
 - Level 2.6 Dodging
 + Level 4.2 Stealth
 * Level 3.8 Spellcasting
 * Level 5.3 Summonings


You had one spell level left.
You knew the following spells:

 Your Spells              Type           Power        Failure   Level  Hunger
a - Call Canine Familiar  Summ           ###.....     8%          3    ###....
b - Call Imp              Summ           ###.....     2%          2    ##.....
c - Summon Ice Beast      Ice/Summ       ##......     58%         4    ####...


Dungeon Overview and Level Annotations

Branches:
Dungeon (4/15)
 Temple: D:4-7

Altars:
Ashenzari
Gozag
Nemelex Xobeh
Ru

Annotations:
D:4 Dirtsage's ghost, amateur GrFi


Innate Abilities, Weirdness & Mutations

You cannot wear armour.
You are incapable of wielding weapons or throwing items.
You have sharp claws.
You have razor-sharp teeth.
You have supernaturally acute eyesight.
You are carnivorous and can eat meat at any time.
You cover ground quickly.
You are covered in fur (AC +1).
You have a slow metabolism.
Your sharp claws are effective at attacking unaware monsters.


Message History

Something smites you!
Ouch! That really hurt!
An orc comes into view.
There is a large open door here.
The orc priest hits your crimson imp with a mace.
Your crimson imp barely misses the orc priest.
Your crimson imp hits the orc priest.
You swap places.
Your crimson imp barely misses the orc priest.
Your crimson imp blinks!
You see here a short sword.
You start resting.
Your crimson imp closely misses the orc priest.
Something completely misses your crimson imp.
Your crimson imp blinks!
Your crimson imp barely misses the orc priest.
The orc priest mumbles some strange prayers to Beogh against you.
Something smites you!
Ouch! That really hurt!
You die...

*****#####o# *#.....5)..## #o#
#..####..#..# #5# #,##..##.##.#
#5# #.#....#..#.# ###### #§#
#.#..#)...#.# #....# #.#
#.##)##..##.# #######....####.#
#..#..####..#
#..........##.#.###..........##
#.#####.....#.#@##..##.##.####
#.#####.......#.##.###....#
##...................#####.#
....#####.#.##.#.###.# #.#
..÷.....#.#....#.# #.#####.#
....###.#.#.####.###.......#
....# #.#............#######
....# #.#............### ....#
#.#####.....####.#


You could see an orc priest and 2 friendly crimson imps.

Vanquished Creatures
  An adder (D:2)
  A giant gecko (D:2)
  An orc (D:4)
  3 ball pythons
  3 bats (D:2)
  5 giant cockroaches
  A hobgoblin (D:1)
  2 jackals (D:2)
  6 kobolds
  A quokka (D:2)
  A giant newt (D:2)
  4 goblins
  8 rats
37 creatures vanquished.

Vanquished Creatures (collateral kills)
  A big kobold (Sewer)
  9 adders
  6 river rats
  2 oozes (Sewer)
  8 worms
  6 orcs
  4 ball pythons
  3 giant cockroaches (D:3)
  3 goblins
  8 hobgoblins
  A jackal (D:2)
  7 kobolds
  A ball python skeleton (D:4)
  3 quokkas
  5 rats
67 creatures vanquished.

Grand Total: 104 creatures vanquished

Notes
Turn   | Place    | Note
--------------------------------------------------------------
     0 | D:1      | dysrexia the Felid Summoner began the quest for the Orb.
     0 | D:1      | Reached XP level 1. HP: 7/7 MP: 4/4
   356 | D:1      | Reached XP level 2. HP: 11/11 MP: 4/6
   381 | D:1      | Learned a level 2 spell: Call Imp
   598 | D:1      | Found a sparkling altar of Nemelex Xobeh.
   947 | D:2      | Reached XP level 3. HP: 11/14 MP: 3/7
  1151 | D:2      | Found a shattered altar of Ashenzari.
  1911 | D:3      | Found a glowing drain.
  2294 | D:3      | Reached XP level 4. HP: 12/18 MP: 3/9
  2532 | Sewer    | Entered a sewer
  2745 | Sewer    | Reached skill level 5 in Summonings
  3034 | Sewer    | Learned a level 4 spell: Summon Ice Beast
  3105 | Sewer    | Noticed a big kobold
  3140 | Sewer    | Killed a big kobold
  3140 | Sewer    | Reached XP level 5. HP: 12/21 MP: 5/11
  3344 | D:3      | Found an opulent altar of Gozag.
  3435 | D:3      | HP: 1/21 [poisoned by an adder]
  3437 | D:3      | Succumbed to an adder's poison
  3438 | D:3      | Reached XP level 4. HP: 0/27 MP: 10/10
  4024 | D:4      | Learned a level 3 spell: Call Canine Familiar
  4032 | D:4      | Found a sacrificial altar of Ru.
  4140 | D:4      | Noticed Dirtsage's ghost (amateur GrFi)
  4601 | D:4      | Killed from afar by an orc priest

Action                   |  1- 3 |  4- 6 || total
-------------------------+-------+-------++-------
Melee: Unarmed           |    99 |    68 ||   167
 Cast: Summon Small Mamm |     6 |       ||     6
       Call Imp          |    22 |    59 ||    81
       Call Canine Famil |       |     6 ||     6
  Use: Scroll            |     6 |     6 ||    12
       Potion            |     1 |     3 ||     4
 Stab: Sleeping          |     8 |     2 ||    10
  Eat: Chunk             |    10 |    14 ||    24
